 Dungeon Crawl Stone Soup version 0.26-a0-800-g517d6fe (webtiles) character file.

Game seed: 6792512571501190278

52 AlexanderH the Ducker (level 3, -6/26 HPs)
             Began as an Octopode Fighter on Nov 11, 2020.
             Mangled by a lemure (8 damage)
             ... led by Pikel
             ... on level 6 of the Dungeon.
             The game lasted 00:12:02 (706 turns).

AlexanderH the Ducker (Octopode Fighter)             Turns: 706, Time: 00:12:03

Health: -6/26      AC:  1    Str: 15    XL:     3   Next: 85%
Magic:  3/3        EV: 12    Int: 10    God:
Gold:   45         SH:  8    Dex: 12    Spells: 2/2 levels left

rFire    . . .     SeeInvis .   a - +0 rapier
rCold    . . .     Faith    .   b - +0 kite shield
rNeg     . . .     Spirit   .   (helmet restricted)
rPois    .         Reflect  .   (no amulet)
rElec    .         Harm     .   (no ring)
rCorr    .         Rampage  .   (no ring)
MR       .....                  (no ring)
Stlth    +++.......             (no ring)
HPRegen  0.08/turn              (no ring)
MPRegen  0.08/turn              (no ring)
                                (no ring)
                                (no ring)

@: no status effects
A: almost no armour, stealthy swim, amphibious, 8 rings, constrict 8, camouflage
1, gelatinous body 1
a: no special abilities


You were on level 6 of the Dungeon.
You visited 1 branch of the dungeon, and saw 6 of its levels.

You collected 45 gold pieces.

Inventory:

Hand Weapons
 a - a +0 rapier (weapon)
Missiles
 i - 56 stones (quivered)
Armour
 b - a +0 kite shield (worn)
Scrolls
 e - a scroll of enchant armour {unknown}
 f - 2 scrolls of identify {unknown}
 h - 5 scrolls of remove curse {unknown}
 j - a scroll of random uselessness {unknown}
 k - a scroll of fear {unknown}
Potions
 c - a potion of might
 d - a potion of ambrosia {unknown}
 g - a potion of attraction {unknown}


   Skills:
 + Level 3.4 Fighting
 + Level 2.4 Short Blades
 + Level 3.4 Dodging
 + Level 1.5 Stealth
 + Level 3.3 Shields


You had 2 spell levels left.
You didn't know any spells.
Your spell library was empty.

Dungeon Overview and Level Annotations

Branches:
Dungeon (6/15)
 Temple: D:4-7

Altars:
Dithmenos
Zin

Shops:
D:4 (


Innate Abilities, Weirdness & Mutations

You cannot wear most types of armour.
You are very stealthy in the water. (Stealth+)
You are amphibious.
You can wear up to eight rings at the same time.
You can use your tentacles to constrict eight enemies at once.
Your skin changes colour to match your surroundings (Stealth+).
Your rubbery body absorbs attacks. (AC +1, EV +1)


Message History

The lemure hits you.
You hit the bullfrog skeleton. You squeeze the bullfrog skeleton.
The bullfrog skeleton is almost destroyed.
You constrict the bullfrog skeleton.
You destroy the bullfrog skeleton!
Your Stealth skill increases to level 1!
The lemure barely misses you. The lemure misses you. The lemure hits you.
The lemure hits you!
* * * LOW HITPOINT WARNING * * *
The lemure closely misses you. You block the lemure's attack.
You hit the lemure. Your grab misses the lemure.
The lemure is lightly wounded.
You block the lemure's attack.
You hit the lemure but do no damage. You grab the lemure.
The lemure is lightly wounded.
You constrict the lemure, but do no damage.
You block the lemure's attack. The lemure closely misses you.
The lemure hits you!
You die...

#.....#
#.....#
#.....#
#.....#
#.....#
#.....#
#.....####
#.@5......
#55.......
#.........
#.........
#.........
##'###+#####
#..........#
#......<...#
#..........#


You could see 3 lemures.

Vanquished Creatures
  A bullfrog skeleton (D:6)
  A worm (D:2)
  2 leopard geckos (D:2)
  2 orcs
  A bat (D:3)
  A bat skeleton (D:2)
  A giant cockroach (D:5)
  4 goblins
  A hobgoblin (D:2)
  A frilled lizard (D:1)
  2 rats (D:2)
17 creatures vanquished.

Notes
Turn   | Place    | Note
-------+----------+-------------------------------------------
     0 | D:1      | AlexanderH the Octopode Fighter began the quest for the
                  | Orb.
     0 | D:1      | Reached XP level 1. HP: 16/16 MP: 1/1
   246 | D:1      | You fall into a shaft and drop 1 floor!
   295 | D:2      | Reached XP level 2. HP: 21/21 MP: 2/2
   491 | D:2      | Found a shadowy altar of Dithmenos.
   546 | D:3      | Found a glowing silver altar of Zin.
   645 | D:4      | Found Vim Ukec's Antique Weapon Shoppe.
   669 | D:5      | Entered Level 5 of the Dungeon
   679 | D:5      | Reached XP level 3. HP: 23/26 MP: 3/3
   693 | D:6      | Noticed a lemure
   693 | D:6      | Noticed a centaur
   696 | D:6      | Noticed a lemure
   696 | D:6      | Noticed a lemure
   702 | D:6      | Reached skill level 1 in Stealth
   706 | D:6      | Mangled by a lemure

Illustrated notes

Levels and vault maps discovered:
D:1:      dpeg_arrival_boxes_within_box, layout_basic
D:2:      layout_loops_ring, kennysheep_vampire_church, lemuel_crystal_altar,
          grunt_temple_overflow_diamond, minmay_puff, uniq_natasha
D:3:      layout_basic, lemuel_crystal_altar, kennysheep_orc_chapel
D:4:      layout_cave_pools, serial_shops, shop, roderic_batcave,
          wad_floor_pattern_1, ashenzari_altar_1, uniq_sigmund
D:5:      layout_loops_ring, lemuel_blue_sif_altar,
          nicolae_overflow_crystal_walls, grunt_temple_overflow_open
D:6:      layout_gridville, temple_pool_b, nicolae_ossuary_entry_giza,
          serial_shops, kennysheep_little_box, shop_statue, uniq_eustachio,
          uniq_crazy_yiuf_cottage, uniq_pikel, uniq_prince_ribbit1, uniq_grinder

Skill      XL: |  1  2  3 |
---------------+----------+-----
Stealth        | 1 |  1.5
Fighting       | |  3.4
Short Blades   | |  2.4
Dodging        | |  3.4
Shields        | |  3.3

Action                   || total
-------------------------++-------
Melee: Rapier            ||    33
       Constrict         ||     8
       Tentacles         ||     7
  Use: Potion            ||     1
 Stab: Sleeping          ||     6
Armor: Skin              ||     1
Dodge: Dodged            ||    20
Block: Kite shield       ||    16

Table legend: (Time is in decaauts)
 A = Elapsed time spent in this place.
 B = Non-inter-level travel time spent in this place.
 C = Inter-level travel time spent in this place.
 D = Time resting spent in this place.
 E = Time spent auto-exploring this place.
 F = Levels seen in this place.
 G = Mean time per level.
                   A        B        C        D        E       F      G
               +--------+--------+--------+--------+--------+-----+--------+
         Total |    710 |    710 |      0 |      0 |      0 |   6 |  118.3 |
       Dungeon |    710 |    710 |      0 |      0 |      0 |   6 |  118.3 |
               +--------+--------+--------+--------+--------+-----+--------+

Top non-repeatable levels by time:
     D:2: 291 daAuts
     D:1: 246 daAuts
     D:3: 110 daAuts
     D:4: 23 daAuts
     D:6: 22 daAuts
     D:5: 16 daAuts
